 Dungeon Crawl Stone Soup version 0.28-a0-2-g643f2454ad (webtiles) character file.

Game seed: 18376343906491066566

21395 hatdisgam the Basher (level 12, -2/126 HPs)
             Began as an Ogre Berserker on July 22, 2021.
             Was a High Priest of Trog.
             Slain by an elephant (13 damage)
             ... on level 2 of the Lair of Beasts.
             The game lasted 00:19:38 (12345 turns).

hatdisgam the Basher (Ogre Berserker)              Turns: 12345, Time: 00:19:38

Health: -2/126     AC:  9    Str: 28    XL:     12   Next: 89%
Magic:  21/21      EV: 12    Int:  8    God:    Trog [*****.]
Gold:   659        SH:  0    Dex:  8    Spells: 11/11 levels left

rFire   . . .      SeeInvis .   I - +2 mace (venom)
rCold   + . .      Faith    .   (no shield)
rNeg    + . .      Spirit   .   l - +0 troll leather armour
rPois   .          Reflect  .   y - +4 hat of Jys Ibisai {rC+ MP+9}
rElec   .          Harm     .   Q - scarf {+Inv}
rCorr   .          Rampage  .   (gloves unavailable)
Will    ++...                   (boots unavailable)
Stlth   +.........              (no amulet)
HPRegen 1.31/turn               i - ring of positive energy
MPRegen 0.17/turn               S - ring of willpower

@: on berserk cooldown, slowed, very slow
A: large, unfitting armour, tough skin 1
a: Renounce Religion, Evoke Invisibility, Berserk, Trog's Hand, Brothers in Arms


You were on level 2 of the Lair of Beasts.
You worshipped Trog.
Trog was extremely pleased with you.
You visited 2 branches of the dungeon, and saw 12 of its levels.

You collected 659 gold pieces.

Inventory:

Hand Weapons
 a - a +0 mace
 w - a +3 morningstar
 A - a +0 giant spiked club
 I - a +2 mace of venom (weapon)
Missiles
 f - 3 javelins (quivered)
 h - 460 stones
 j - 39 poisoned darts
 r - 4 atropa-tipped darts
 z - 90 sling bullets
 K - 3 boomerangs
 N - a curare-tipped dart
 O - 2 throwing nets
Armour
 b - a +0 animal skin
 l - a +0 troll leather armour (worn)
 y - the +4 hat of Jys Ibisai (worn) {rC+ MP+9}
   (You found it on level 6 of the Dungeon)

   rC:        It protects you from cold.
   MP:        It affects your magic capacity (+9).
 J - a +0 hat of see invisible
 Q - a scarf of invisibility (worn)
Jewellery
 i - a ring of positive energy (left hand)
 q - a ring of magical power
 x - a ring of fire
 M - an amulet of faith
 S - a ring of willpower (right hand)
Wands
 B - a wand of flame (48)
 G - a wand of iceblast (13)
 H - a wand of acid (5)
 L - a wand of polymorph (7)
Scrolls
 d - 4 scrolls of noise {unknown}
 g - 2 scrolls of amnesia
 k - a scroll of magic mapping
 m - a scroll of fear {unknown}
 n - a scroll of fog {unknown}
 p - a scroll of acquirement {unknown}
 t - 2 scrolls of vulnerability {unknown}
 u - 2 scrolls of enchant weapon {unknown}
 E - a scroll of teleportation {unknown}
 W - a scroll of identify
Potions
 c - 7 potions of curing
 e - a potion of flight
 o - a potion of cancellation
 s - 4 potions of haste
 v - a potion of magic {unknown}
 C - 2 potions of degeneration {unknown}
 D - a potion of brilliance {unknown}
 F - 3 potions of might {unknown}
 P - a potion of attraction {unknown}
 R - a potion of invisibility {unknown}
 T - 2 potions of resistance {unknown}
 U - a potion of ambrosia {unknown}
 V - a potion of heal wounds {unknown}
Miscellaneous
 X - a box of beasts
 Y - a condenser vane


   Skills:
 - Level 9.8 Fighting
 * Level 13.6 Maces & Flails
 - Level 5.0 Armour
 + Level 10.1 Dodging
 + Level 4.2 Evocations


You had 11 spell levels left.
You didn't know any spells.
Your spell library was empty.

Dungeon Overview and Level Annotations

Branches:
Dungeon (10/15)            Temple (0/1) D:7            Lair (2/6) D:9
  Swamp: Lair:2-4    Shoals: Lair:2-4     Snake: Lair:2-4    Spider: Lair:2-4
    Orc: D:9-12

Altars:
Ashenzari
Elyvilon
Fedhas
Gozag
Makhleb
Qazlal
Sif Muna
Uskayaw
Wu Jian
Xom
Yredelemnul
Zin

Portals:
Ice
Cave: Lair:2

Annotations:
D:6 3 runed translucent doors, willcat's ghost, novice FoMo


Innate Abilities, Weirdness & Mutations

You are too large for most types of armour.
You have tough skin. (AC +1)


Message History

Trog accepts your kill. The wolf bites you. The elephant completely misses you.
The elephant barely misses you.
You are no longer berserk.
You are exhausted.
You feel yourself slow down. The wolf bites you.
You see here a wolf corpse.
You hit the elephant.
The elephant is poisoned.
The elephant is moderately wounded.
The wolf bites you but does no damage. The elephant tramples you.
* * * LOW HITPOINT WARNING * * *
You hold your ground!
The elephant trunk-slaps you but does no damage.
The wolf closely misses you.
You hit the wolf.
The wolf is moderately wounded.
The wolf barely misses you. The elephant barely misses you.
The elephant trunk-slaps you but does no damage.
The wolf misses you.
You hit the wolf but do no damage.
The wolf is poisoned.
The wolf is moderately wounded.
The wolf barely misses you. The elephant completely misses you.
The elephant trunk-slaps you but does no damage.
Unknown command.
You barely miss the wolf.
The wolf is moderately wounded.
The wolf bites you!
* * * LOW HITPOINT WARNING * * *
The elephant tramples you!
* * * LOW HITPOINT WARNING * * *
You hold your ground!
The elephant trunk-slaps you but does no damage.
The wolf closely misses you. The elephant tramples you!
* * * LOW HITPOINT WARNING * * *
You hold your ground!
The elephant trunk-slaps you but does no damage.
You feel better. The wolf misses you. The wolf bites you!
* * * LOW HITPOINT WARNING * * *
The elephant tramples you!
You die...

...# ###..## #.. ...### #.#...##
### .....####....#.## #
....#..###......# #
................## #
..........(..∩...# ### #### #
...#P##..#.......###.##P#.#
†.#####P###....h.#........#### #
.## ####...P†Y@#...........# #
.########.##..†.............P #
##.#..P#####...............## ##
......## #.#...............# ##.
......# ####............#.###.#
.....## ##....P.....÷.......
......# ## #................†..
......# ..###....^......##.....
....###P.....#P...†....#######...


You could see an elephant (very poisoned) and a wolf (very poisoned).

Vanquished Creatures
  Gastronok (D:8)
  A hydra (D:9)
  Harold (D:9)
  A two-headed ogre (D:10)
  Erica (D:7)
  6 death yaks
  A black mamba (Lair:2)
  3 elephants (Lair:2)
  Joseph (D:7)
  7 cane toads
  Maggie (D:8)
  A rime drake (Lair:2)
  5 komodo dragons
  Prince Ribbit (D:6)
  Grinder (D:5)
  12 yaks
  A steam dragon (D:8)
  A basilisk (Lair:2)
  5 water moccasins
  5 orc warriors
  An ice beast (D:6)
  3 sky beasts
  5 centaurs
  3 black bears
  13 wolves
  A necrophage (D:5)
  An ogre (D:6)
  3 kobold brigands
  A phantom (D:2)
  2 gnoll sergeants
  3 bullfrogs (Lair:2)
  2 scorpions (D:5)
  10 killer bees
  A howler monkey (D:6)
  A centaur zombie (D:9)
  2 bullfrog zombies (D:6)
  6 hounds
  2 bullfrog skeletons
  An iguana (D:7)
  11 orc priests
  12 orc wizards
  2 hound skeletons
  A howler monkey zombie (D:9)
  10 gnolls
  9 adders
  13 white imps
  An adder skeleton (D:4)
  A worm (D:3)
  3 dart slugs
  28 orcs
  8 endoplasms
  4 giant cockroaches
  4 goblins
  6 hobgoblins
  6 jackals
  3 quokkas
  4 ball pythons
  6 bats
  10 frilled lizards
  22 kobolds
  2 rats
283 creatures vanquished.

Vanquished Creatures (others)
  2 kobolds (D:8)
  4 fungi
  10 plants
16 creatures vanquished.

Grand Total: 299 creatures vanquished

Notes
Turn   | Place    | Note
-------+----------+-------------------------------------------
     0 | D:1      | hatdisgam the Ogre Berserker began the quest for the Orb.
     0 | D:1      | Reached XP level 1. HP: 24/24 MP: 1/1
   324 | D:1      | Reached skill level 3 in Maces & Flails
   324 | D:1      | Reached XP level 2. HP: 25/32 MP: 2/2
  1096 | D:2      | Reached XP level 3. HP: 40/40 MP: 3/3
  1204 | D:2      | Reached ** piety under Trog
  1600 | D:2      | Reached XP level 4. HP: 49/49 MP: 4/4
  1810 | D:2      | Found a faded altar of an unknown god.
  1927 | D:2      | Reached skill level 5 in Fighting
  1927 | D:2      | Reached skill level 4 in Maces & Flails
  1929 | D:2      | Reached XP level 5. HP: 53/57 MP: 5/5
  2129 | D:2      | Noticed a phantom
  2151 | D:2      | Killed a phantom
  2659 | D:3      | Found a glowing silver altar of Zin.
  2748 | D:3      | Found a hide-covered altar of Uskayaw.
  2799 | D:3      | Found an ornate altar of the Wu Jian Council.
  2987 | D:3      | Reached XP level 6. HP: 63/66 MP: 6/6
  3289 | D:4      | Reached *** piety under Trog
  3335 | D:4      | Found a shimmering altar of Xom.
  3601 | D:4      | Found a blossoming altar of Fedhas.
  3820 | D:4      | Found a burning altar of Makhleb.
  3830 | D:4      | Reached skill level 1 in Armour
  3867 | D:5      | Entered Level 5 of the Dungeon
  3902 | D:5      | Noticed Grinder
  3926 | D:5      | Killed Grinder
  3927 | D:5      | Reached skill level 5 in Maces & Flails
  3927 | D:5      | Reached XP level 7. HP: 48/72 MP: 7/7
  4123 | D:5      | Reached skill level 6 in Maces & Flails
  4210 | D:5      | Noticed a yak
  4210 | D:5      | Noticed a yak
  4211 | D:5      | Noticed a yak
  4213 | D:5      | Noticed a yak
  4244 | D:5      | Killed a yak
  4245 | D:5      | Reached XP level 8. HP: 80/80 MP: 8/8
  4258 | D:5      | Killed a yak
  4259 | D:5      | Reached skill level 5 in Dodging
  4278 | D:5      | Killed a yak
  4392 | D:5      | Reached skill level 7 in Maces & Flails
  4421 | D:5      | Killed a yak
  4704 | D:5      | Reached XP level 9. HP: 78/88 MP: 9/9
  4830 | D:5      | Reached skill level 8 in Maces & Flails
  5200 | D:6      | Identified the +4 hat of Jys Ibisai {rC+ MP+9}
  5297 | D:6      | Found a runed translucent gate.
  5302 | D:6      | Found a runed translucent gate.
  5302 | D:6      | Found a runed translucent gate.
  5302 | D:6      | Noticed willcat's ghost (novice FoMo)
  5333 | D:6      | Noticed Prince Ribbit
  5352 | D:6      | Killed Prince Ribbit
  5352 | D:6      | Reached **** piety under Trog
  6071 | D:7      | Reached skill level 9 in Maces & Flails
  6120 | D:7      | Noticed Joseph
  6130 | D:7      | Killed Joseph
  6267 | D:7      | Found a shimmering blue altar of Sif Muna.
  6285 | D:7      | Found a staircase to the Ecumenical Temple.
  6343 | D:7      | Reached skill level 5 in Armour
  6414 | D:7      | Reached XP level 10. HP: 82/96 MP: 10/10
  6584 | D:7      | Found a white marble altar of Elyvilon.
  6715 | D:7      | Found a basalt altar of Yredelemnul.
  6876 | D:7      | Found a stormy altar of Qazlal.
  7135 | D:8      | Noticed Gastronok
  7168 | D:8      | Killed Gastronok
  7169 | D:8      | Reached skill level 10 in Maces & Flails
  7281 | D:8      | Noticed Erica
  7477 | D:7      | Killed Erica
  7536 | D:8      | Found an opulent altar of Gozag.
  7562 | D:8      | Noticed Maggie
  7581 | D:8      | Killed Maggie
  7735 | D:8      | Reached XP level 11. HP: 96/111 MP: 11/11
  8074 | D:9      | Noticed a death yak
  8074 | D:9      | Noticed a death yak
  8074 | D:9      | Noticed a death yak
  8077 | D:9      | Noticed a death yak
  8079 | D:9      | Noticed a death yak
  8080 | D:9      | Noticed a death yak
  8099 | D:8      | Killed a death yak
  8100 | D:8      | Reached skill level 11 in Maces & Flails
  8365 | D:9      | Found a staircase to the Lair.
  8395 | D:8      | Killed a death yak
  8531 | D:9      | Reached ***** piety under Trog
  8654 | D:9      | Killed a death yak
  8797 | D:8      | Killed a death yak
  8967 | D:9      | Noticed Harold
  8978 | D:9      | Killed Harold
  9114 | D:9      | Killed a death yak
  9115 | D:9      | Reached skill level 12 in Maces & Flails
  9673 | D:10     | Entered Level 10 of the Dungeon
  9769 | D:10     | Noticed a two-headed ogre
  9795 | D:10     | Killed a two-headed ogre
  9796 | D:10     | Reached skill level 1 in Evocations
  9878 | D:10     | Found a broken altar of Ashenzari.
  9926 | D:10     | Reached XP level 12. HP: 126/126 MP: 12/12
 10377 | D:9      | Killed a death yak
 10442 | Lair:1   | Entered Level 1 of the Lair of Beasts
 10442 | Lair:1   | Noticed a six-headed hydra
 10471 | D:9      | Killed a six-headed hydra
 10806 | Lair:1   | Received a gift from Trog
 11160 | Lair:1   | Reached skill level 13 in Maces & Flails
 11746 | Lair:2   | Found a frozen archway.
 11905 | Lair:2   | Reached skill level 10 in Dodging
 12344 | Lair:2   | HP: 5/126 [elephant (12)]
 12345 | Lair:2   | Slain by an elephant

Illustrated notes

Levels and vault maps discovered:
D:1:      amcnicky_arrival_choice, layout_loops_ring,
          chequers_serial_rivers_micro_d, minmay_box_of_dots
D:2:      layout_loops_ring, hellmonk_ecumenical_altar_heavens_door,
          hangedman_decor_push, minmay_cut_off
D:3:      layout_loops_ring, nicolae_wu_jian_glorious_leap, lemuel_doored_altar,
          overflow_temple_1_default, minmay_lizard_king
D:4:      layout_cave_pools, fedhas_ov_isle_minmay,
          mainiacjoe_overflow_surrounded_room, makhleb_blood_cavern_becter
D:5:      layout_basic, guppyfry_early_orc_mine, uniq_grinder
D:6:      layout_loops_ring, ebering_ghost_rock_garden, feat_on_display,
          uniq_prince_ribbit1
D:7:      layout_loops_corners, kennysheep_ying_yang, grunt_qazlal_clouds,
          general_overflow_altar, minmay_temple_entry_statues_fountains,
          nicolae_underground_beach, uniq_joseph
D:8:      layout_loops_cross, grunt_gozag_statues, uniq_erica, uniq_gastronok,
          uniq_maggie
D:9:      layout_basic, dpeg_lair_monsters, serial_bayou_crossing, uniq_harold
D:10:     layout_rooms, cheibrodos_ashenzari_chains, serial_rivers,
          chequers_serial_rivers_marsh, chequers_serial_rivers_large_b,
          chequers_serial_rivers_small_b, chequers_serial_rivers_micro_b,
          dk_vineyard_3, minmay_misc_feat_room
Lair:1:   layout_hall_layers
Lair:2:   layout_cave_pods, nicolae_spider_entry_tight_spaces,
          portal_ice_cave_entry_imps, beast_lair_carwin_2, grunt_megastairs_3,
          minmay_lair_oklob_chamber, lemuel_fruit_tree

Skill      XL: |  1  2  3  4  5  6  7  8  9 10 11 12 |
---------------+-------------------------------------+-----
Maces & Flails | 3 4 5 6 7 9 10 12 13 | 13.6
Dodging        | 3 4 5 6 8 9 10 | 10.1
Fighting       | 5 8 9 |  9.8
Armour         | 1 2 3 5 |  5.0
Evocations     | 1 4 |  4.2

Action                   |  1- 3 |  4- 6 |  7- 9 | 10-12 || total
-------------------------+-------+-------+-------+-------++-------
Melee: Mace              |    87 |   183 |   125 |   678 ||  1073
       Morningstar       |       |       |   117 |    28 ||   145
Invok: Berserk           |     2 |     1 |     6 |    22 ||    31
       Trog's Hand       |       |     1 |     3 |     1 ||     5
  Use: Scroll            |       |     6 |       |       ||     6
       Potion            |       |       |     3 |     3 ||     6
Armor: Animal skin       |    40 |    18 |       |       ||    58
       Troll leather arm |       |    41 |    58 |   270 ||   369
       Skin              |       |       |    19 |       ||    19
Dodge: Dodged            |    51 |   103 |    83 |   389 ||   626

Table legend: (Time is in decaauts)
 A = Elapsed time spent in this place.
 B = Non-inter-level travel time spent in this place.
 C = Inter-level travel time spent in this place.
 D = Time resting spent in this place.
 E = Time spent auto-exploring this place.
 F = Levels seen in this place.
 G = Mean time per level.
                   A        B        C        D        E       F      G
               +--------+--------+--------+--------+--------+-----+--------+
         Total |  12587 |  12105 |    482 |   1353 |   8542 |  12 | 1048.9 |
       Dungeon |  10857 |  10417 |    440 |   1176 |   7367 |  10 | 1085.7 |
          Lair |   1729 |   1687 |     42 |    176 |   1175 |   2 |  864.5 |
               +--------+--------+--------+--------+--------+-----+--------+

Top non-repeatable levels by time:
     D:9: 1669 daAuts
     D:2: 1484 daAuts
     D:5: 1277 daAuts
     D:7: 1239 daAuts
     D:1: 1169 daAuts
     D:8: 1141 daAuts
  Lair:1: 1084 daAuts
     D:6: 935 daAuts
     D:3: 684 daAuts
  Lair:2: 645 daAuts
    D:10: 641 daAuts
     D:4: 614 daAuts
